AoeStats
← Demonitox

Arena

509185322Analyzed
4v4 RM · 7d ago on Sep 25, 2026· 43m 47s· 8 players
Game mode
Random Map
Map size
Large (8 player)
Population
200
Speed
Normal
Resources
Standard
Victory
Conquest
Starting age
Dark Age
Ending age
Imperial Age
RankedLock teamsTeams togetherTeam positionsShared explorationLock speedFull tech treeHidden civsTurbo modeCheats
Victory
Defeat
🇨🇳 Mongols · China
1460
+18
🇹🇷 Khmer · Türkiye
1451
+19
🇹🇷 Bulgarians · Türkiye
1422
+20
🇺🇸 Bohemians · United States
1388
+21
🇫🇷 Dravidians · France
1561
-23
🇫🇷 Poles · France
1530
-20
🇳🇱 Persians · Netherlands
1475
-18
🇫🇷 Danes · France
1453
-17
Sain
9:52 Feudal Age
14:00 Castle Age
12:21 Double-Bit Axe
12:21 Horse Collar
15:36 Bow Saw
16:00 Heavy Plow
20:31 Fletching
21:01 Loom
31:52 Wheelbarrow
31:03 Loom
35:49 Imperial Age
33:36 Scale Mail Armor
33:46 Forging
33:15 Pikeman
33:56 Squires
34:43 Chain Mail Armor
35:11 Forging
36:47 Chemistry
35:58 Halberdier
37:45 Plate Mail Armor
39:49 Iron Casting
40:44 Conscription
41:31 Blast Furnace
42:40 Siege Engineers
43:45 Wagenburg Tactics
43:22 Houfnice
Qwer
10:53 Feudal Age
14:45 Castle Age
12:43 Double-Bit Axe
13:04 Horse Collar
16:39 Wheelbarrow
16:16 Bow Saw
21:38 Light Cavalry
24:56 Scale Barding Armor
26:27 Gold Mining
29:42 Imperial Age
27:37 Hand Cart
27:27 Town Watch
27:58 Fletching
28:08 Padded Archer Armor
28:31 Ballistics
28:51 Gold Shaft Mining
28:13 Stone Mining
28:46 Heavy Plow
28:57 Bodkin Arrow
29:17 Leather Archer Armor
29:17 Loom
29:49 Husbandry
29:59 Bloodlines
30:33 Stone Shaft Mining
30:46 Conscription
30:28 Bracer
31:31 Chemistry
31:27 Parthian Tactics
31:29 Elite Mangudai
33:14 Chain Barding Armor
35:11 Capped Ram
36:15 Drill
36:37 Forging
36:55 Siege Ram
monster
11:33 Feudal Age
9:49 Loom
15:46 Castle Age
14:30 Stone Mining
18:34 Scale Barding Armor
18:40 Forging
18:20 Fletching
18:36 Scale Mail Armor
26:39 Chain Barding Armor
28:08 Iron Casting
27:48 Chain Mail Armor
30:17 Bodkin Arrow
37:21 Horse Collar
41:29 Heavy Plow
42:33 Wheelbarrow
Yokolucu
11:01 Feudal Age
13:42 Castle Age
11:37 Horse Collar
11:49 Double-Bit Axe
12:04 Horse Collar
14:35 Bow Saw
14:27 Heavy Plow
17:33 Wheelbarrow
30:28 Gold Mining
31:09 Loom
35:42 Imperial Age
34:34 Hand Cart
34:47 Ballistics
35:53 Heavy Scorpion
36:43 Double Crossbow
38:24 Chemistry
37:26 Capped Ram
38:49 Town Watch
38:40 Siege Ram
40:44 Siege Engineers
guarnere44
9:52 Feudal Age
14:42 Castle Age
12:59 Double-Bit Axe
13:23 Horse Collar
16:09 Bow Saw
22:03 Loom
34:09 Wheelbarrow
39:18 Scale Barding Armor
39:24 Forging
40:49 Bloodlines
Zantorix
10:24 Feudal Age
11:02 Loom
14:26 Castle Age
13:26 Double-Bit Axe
15:48 Bow Saw
21:46 Town Watch
22:36 Wheelbarrow
22:40 Sanctity
25:54 Horse Collar
26:43 Gold Mining
31:44 Imperial Age
30:39 Fletching
32:12 Bodkin Arrow
33:18 Bracer
34:36 Guard Tower
36:37 Chemistry
37:42 Two-Man Saw
38:22 Thumb Ring
Hugo4774
10:29 Feudal Age
14:38 Castle Age
13:26 Double-Bit Axe
14:07 Scale Mail Armor
13:49 Horse Collar
15:37 Bow Saw
17:15 Town Watch
17:43 Squires
20:20 Loom
25:39 Fletching
26:40 Forging
35:12 Wheelbarrow
38:26 Hand Cart
44:09 Imperial Age
42:20 Chain Mail Armor
43:17 Iron Casting
42:16 Man-at-Arms
42:41 Gambesons
Demonitox
9:55 Feudal Age
14:30 Castle Age
12:34 Double-Bit Axe
12:51 Horse Collar
20:00 Wheelbarrow
19:11 Loom
19:12 Town Watch
22:24 Bow Saw
22:16 Heavy Plow
23:26 Szlachta Privileges
24:06 Gold Mining
24:06 Stone Mining
27:43 Imperial Age
25:37 Forging
27:08 Iron Casting
26:38 Scale Barding Armor
27:18 Bloodlines
27:08 Husbandry
27:58 Cavalier
29:02 Chain Barding Armor
29:43 Blast Furnace
30:05 Chemistry
31:37 Hand Cart
34:44 Conscription
36:33 Hoardings
35:28 Sappers
39:21 Fletching
39:54 Ballistics
39:40 Siege Engineers
39:45 Masonry
39:14 Elite Skirmisher
40:04 Bodkin Arrow
40:10 Padded Archer Armor
39:47 Light Cavalry
40:50 Lechitic Legacy
40:46 Bracer
40:49 Padded Archer Armor
40:29 Winged Hussar
44:27 Leather Archer Armor
Connection lost

Rejoining the realm…

Still unreachable

The connection could not be restored.

Session expired

The server has moved on; the page needs a fresh start.